 Dungeon Crawl Stone Soup version 0.31-a0-854-g362426d53f (webtiles) character file.

Game seed: 3495150367107405143

222 pokeman the Magician (level 5, -5/29 HPs)
             Began as a Deep Elf Hedge Wizard on Oct 8, 2023.
             Killed by divine providence
             ... invoked by an orc priest
              (15 damage)
             ... on level 4 of the Dungeon.
             The game lasted 00:04:02 (3825 turns).

pokeman the Magician (Deep Elf Hedge Wizard)        Turns: 3825, Time: 00:04:03

Health: -5/29      AC:  4    Str:  7    XL:     5   Next: 66%
Magic:  3/15       EV: 13    Int: 27    God:
Gold:   145        SH:  0    Dex: 14    Spells: 8/16 levels left

rFire   . . .        r - +0 short sword (elec)
rCold   . . .        (no shield)
rNeg    . . .        b - +0 robe
rPois   .            c - +0 hat
rElec   .            (no cloak)
rCorr   .            g - +0 pair of gloves
SInv    .            h - +0 pair of boots
Will    .....        (no amulet)
Stlth   ++           p - +6 ring of intelligence
HPRegen 0.24/turn    (no ring)
MPRegen 0.14/turn

%: no passive effects
@: no status effects
A: no striking features
a: no special abilities


You were on level 4 of the Dungeon.
You visited 1 branch of the dungeon, and saw 4 of its levels.

You collected 145 gold pieces.

Inventory:

Hand Weapons
 r - a +0 short sword of electrocution (weapon)
Missiles
 l - a throwing net
Armour
 b - a +0 robe (worn)
 c - a +0 hat (worn)
 g - a +0 pair of gloves (worn)
 h - a +0 pair of boots (worn)
 i - a scarf of harm
Magical Staves
 k - a staff of air
Jewellery
 p - a +6 ring of intelligence (left hand)
Wands
 s - a wand of acid (3)
Scrolls
 e - a scroll of immolation {unknown}
 j - 2 scrolls of revelation {unknown}
 u - 3 scrolls of fog {unknown}
Potions
 a - a potion of curing {unknown}
 d - a potion of magic
 f - a potion of degeneration {unknown}
 m - a potion of resistance {unknown}
 n - a potion of invisibility {unknown}
 o - 2 potions of attraction {unknown}
 q - a potion of might {unknown}
 t - 2 potions of heal wounds {unknown}


   Skills:
 - Level 1.0 Fighting
 - Level 1.0 Armour
 - Level 3.0 Dodging
 - Level 3.0 Stealth
 * Level 6.3 Spellcasting
 + Level 2.8 Conjurations
 - Level 1.1 Summonings
 - Level 1.1 Translocations
 + Level 0.8 Air Magic
 - Level 1.0 Poison Magic
 + Level 0.8 Evocations


You had 8 spell levels left.
You knew the following spells:

 Your Spells              Type           Power      Damage    Failure   Level
a - Magic Dart            Conj           96%        1d7       1%          1
b - Mephitic Cloud        Conj/Pois/Air  17%        N/A       10%         3
c - Call Imp              Summ           28%        N/A       6%          2
d - Blink                 Tloc           28%        N/A       6%          2

Your spell library contained the following spells:

 Spells                   Type           Power      Damage    Failure   Level
 Slow                     Hex            32%        N/A       6%          1
 Cigotuvi's Dreadful Rot  Necr/Pois/Air  22%        N/A       8%          2
 Sublimation of Blood     Necr           8%         N/A       10%         2
 Wereblood                Tmut           8%         N/A       10%         2
 Confusing Touch          Hex            8%         N/A       19%         3
 Sigil of Binding         Hex            8%         N/A       19%         3
 Vampiric Draining        Necr           8%         2d6       19%         3
 Summon Hydra             Summ           7%         N/A       100%        7


Dungeon Overview and Level Annotations

Branches:
Dungeon (4/15)
 Temple: D:4-7

Altars:
Wu Jian

Shops:
D:4 (


Message History

Confirm with . or Enter, or press ? or * to list all spells.
Aiming: Magic Dart (safe; 1% risk of failure)
Press: ? - help, Shift-Dir - straight line, f/p - orc
Aim: an orc, wielding a +0 whip and wearing a +0 leather armour (100% to hit)
The magic dart hits the orc.
The orc is heavily wounded.
You feel sick.
You are no longer poisoned.
The orc barely misses you.
An orc comes into view. It is wielding a +0 club.
The orc hits you with a +0 club.
The orc barely misses itself.
Casting: Magic Dart (safe; 1% risk of failure)
Confirm with . or Enter, or press ? or * to list all spells.
Aiming: Magic Dart (safe; 1% risk of failure)
Press: ? - help, Shift-Dir - straight line, f/p - orc
Aim: an orc, wielding a +0 whip and wearing a +0 leather armour (heavily wounded, 100% to hit)
The magic dart hits the orc.
The orc is almost dead.
An orc comes into view. It is wielding a +0 mace.
The orc barely misses you. The orc hits you with a +0 whip.
Casting: Magic Dart (safe; 1% risk of failure)
Confirm with . or Enter, or press ? or * to list all spells.
Aiming: Magic Dart (safe; 1% risk of failure)
Press: ? - help, Shift-Dir - straight line, f/p - orc
Aim: an orc, wielding a +0 whip and wearing a +0 leather armour (almost dead, 100% to hit)
The magic dart hits the orc.
You kill the orc!
The orc hits you with a +0 whip.
An orc comes into view. It is wielding a +0 falchion.
An orc wizard comes into view. It is wielding a +0 dagger.
Unknown command.
An orc priest comes into view. It is wielding a +0 whip.
The orc closely misses you. The orc attacks as it pursues you!
The orc closely misses you. The orc barely misses you.
The orc priest shouts!
The orc shouts!
The orc closely misses you.
The orc priest calls down the wrath of Beogh upon you.
Beogh smites you!
Ouch! That really hurt!
You die...

.~~≈≈≈≈≈≈≈≈≈≈≈≈≈≈≈≈≈≈≈≈≈≈≈
.~~≈≈≈≈≈≈≈≈≈≈≈≈≈≈~≈≈≈≈≈≈≈≈
..~~~≈~~~~~~~≈~~~~~~≈≈~~~~
..~~~.~~~.~~~~~.~~~~~~~.~.
.....................oo...
.........................
..#....†.....###.....#
.###.........###..oo.#
.............'..@.o..#
..##.........###.o...#
..##.........# #o#####
++############ #.. #.##
#.# #.# #..


You could see an orc priest, an orc wizard (wandering) and 5 orcs.

Vanquished Creatures
  A scorpion (D:4)
  A sleepcap (D:4)
  An iguana (D:4)
  A gnoll (D:4)
  3 adders
  2 worms
  A dart slug (D:1)
  An orc (D:4)
  5 ball pythons
  4 bats
  2 endoplasms
  A giant cockroach (D:2)
  10 goblins
  5 hobgoblins
  4 jackals (D:3)
  7 kobolds
  5 quokkas
  2 frilled lizards
  6 rats
62 creatures vanquished.

Notes
Turn   | Place    | Note
-------+----------+-------------------------------------------
     0 | D:1      | pokeman the Deep Elf Hedge Wizard began the quest for the
                  | Orb.
     0 | D:1      | Reached XP level 1. HP: 10/10 MP: 7/7
   566 | D:1      | Reached XP level 2. HP: 16/16 MP: 2/9
  1357 | D:2      | Reached skill level 5 in Spellcasting
  1678 | D:2      | Reached XP level 3. HP: 20/20 MP: 9/11
  1682 | D:2      | Learned a level 3 spell: Mephitic Cloud
  1685 | D:2      | Learned a level 2 spell: Call Imp
  1688 | D:2      | Learned a level 2 spell: Blink
  2221 | D:2      | Reached skill level 1 in Armour
  2258 | D:2      | Reached skill level 1 in Fighting
  2852 | D:3      | Reached XP level 4. HP: 25/25 MP: 7/13
  3072 | D:3      | Found an ornate altar of the Wu Jian Council.
  3333 | D:4      | Found Nuefir's Antique Weapon Shop.
  3623 | D:4      | Reached XP level 5. HP: 29/29 MP: 6/15
  3669 | D:4      | Reached skill level 6 in Spellcasting
  3817 | D:4      | Reached skill level 1 in Poison Magic
  3825 | D:4      | Killed from afar by an orc priest

Illustrated notes

Levels and vault maps discovered:
D:1:      psy_arrival_radial01, layout_loops_corners
D:2:      layout_basic, st_stairs_4, corner_web_ring
D:3:      layout_loops_ring, nicolae_wu_jian_immortal_techniques,
          serial_bayou_pond_a, hex_large
D:4:      minmay_goblin_kobold_castle, layout_basic,
          mainiacjoe_overflow_big_doors, serial_shops,
          nicolae_shop_overgrown_old_shop, skrybe_limestone_x

Skill      XL: |  1  2  3  4  5 |
---------------+----------------+-----
Spellcasting   | 5 6 |  6.3
Armour         | 1 |  1.0
Fighting       | 1 |  1.0
Conjurations   | 2 |  2.8
Dodging        | 3 |  3.0
Stealth        | 3 |  3.0
Poison Magic   | 1 |  1.0
Summonings     | |  1.1
Translocations | |  1.1
Air Magic      | |  0.8
Evocations     | |  0.8

Action                     |  1- 3 |  4- 6 || total
---------------------------+-------+-------++-------
  Melee: Short sword       |       |     9 ||     9
   Cast: Magic Dart        |   111 |    48 ||   159
         Call Imp          |       |     2 ||     2
         Mephitic Cloud    |       |     3 ||     3
   Stab: Confused          |       |     1 ||     1
 Armour: Robe              |     9 |     7 ||    16
  Dodge: Dodged            |    10 |    16 ||    26

Table legend: (Time is in decaauts)
 A = Elapsed time spent in this place.
 B = Non-inter-level travel time spent in this place.
 C = Inter-level travel time spent in this place.
 D = Time resting spent in this place.
 E = Time spent auto-exploring this place.
 F = Levels seen in this place.
 G = Mean time per level.
                   A        B        C        D        E       F      G
               +--------+--------+--------+--------+--------+-----+--------+
         Total |   3826 |   3763 |     63 |      0 |   3386 |   4 |  956.5 |
       Dungeon |   3826 |   3763 |     63 |      0 |   3386 |   4 |  956.5 |
               +--------+--------+--------+--------+--------+-----+--------+

Top non-repeatable levels by time:
     D:1: 1313 daAuts
     D:2: 1028 daAuts
     D:3: 952 daAuts
     D:4: 532 daAuts
